 Dungeon Crawl Stone Soup version 0.29.1-12-g30fa7ad0bf (webtiles) character file.

Game seed: 9571664885478454532

115 GeoRichter the Changer (level 5, -2/33 HPs)
             Began as an Octopode Transmuter on Dec 18, 2022.
             Killed from afar by an orc wizard (10 damage)
             ... with a puff of flame
             ... on level 4 of the Dungeon.
             The game lasted 00:04:50 (3882 turns).

GeoRichter the Changer (Octopode Transmuter)        Turns: 3882, Time: 00:04:51

Health: -2/33      AC:  1    Str: 10    XL:     5   Next: 0%
Magic:  18/18      EV: 13    Int: 17    God:
Gold:   209        SH:  0    Dex: 12    Spells: 3/9 levels left

rFire   . . .      SeeInvis .     - Unarmed
rCold   . . .      Faith    .   (no shield)
rNeg    + . .      Spirit   .   (helmet restricted)
rPois   .          Reflect  .   (no amulet)
rElec   .          Harm     .   g - ring of magical power
rCorr   .          Rampage  .   o - ring of positive energy
Will    .....                   (no ring)
Stlth   ++........              (no ring)
HPRegen 0.11/turn               (no ring)
MPRegen 0.16/turn               (no ring)
                                (no ring)
                                (no ring)

@: wereblooded (expiring)
A: almost no armour, amphibious, 8 rings, camouflage 1, gelatinous body 1,
(nimble swimmer 1), tentacles
a: no special abilities


You were on level 4 of the Dungeon.
You visited 1 branch of the dungeon, and saw 4 of its levels.

You collected 209 gold pieces.

Inventory:

Jewellery
 g - a ring of magical power (left tentacle)
   (You found it on level 2 of the Dungeon)
 o - a ring of positive energy (right tentacle)
   (You found it on level 3 of the Dungeon)
Wands
 l - a wand of polymorph (6)
   (You took it off Ijyb on level 3 of the Dungeon)
Scrolls
 b - a scroll of blinking {unknown}
 e - a scroll of poison {unknown}
 f - a scroll of identify {unknown}
 i - a scroll of brand weapon {unknown}
 j - 2 scrolls of fear {unknown}
 p - a scroll of vulnerability {unknown}
 r - a scroll of noise {unknown}
Potions
 a - 2 potions of lignification {!q}
 c - a potion of haste {unknown}
 d - a potion of attraction {unknown}
 h - a potion of brilliance {unknown}
 k - 2 potions of degeneration {unknown}
 m - a potion of mutation {unknown}
 n - a potion of flight {unknown}
 q - a potion of berserk rage {unknown}
 s - a potion of cancellation {unknown}


   Skills:
 - Level 1.0 Fighting
 - Level 2.0 Dodging
 - Level 3.0 Unarmed Combat
 - Level 2.8 Spellcasting
 * Level 4.0 Transmutations
 + Level 1.6 Poison Magic


You had 3 spell levels left.
You knew the following spells:

 Your Spells              Type           Power      Damage    Failure   Level
a - Beastly Appendage     Tmut           32%        N/A       3%          1
b - Wereblood             Tmut           16%        N/A       4%          2
c - Spider Form           Tmut/Pois      12%        N/A       16%         3

Your spell library contained the following spells:

 Spells                   Type           Power      Damage    Failure   Level
 Ice Form                 Ice/Tmut       9%         N/A       58%         4


Dungeon Overview and Level Annotations

Branches:
Dungeon (4/15) Zot: 20126
 Temple: D:4-7

Altars:


Innate Abilities, Weirdness & Mutations

You cannot wear most types of armour.
You are amphibious.
You can wear up to eight rings at the same time.
Your skin changes colour to match your surroundings (Stealth+).
Your rubbery body absorbs attacks. (AC +1, EV +1)
((You are camouflaged when in or above water. (Stealth+)))
You have tentacles for arms and can constrict up to eight enemies at once.


Message History

You kill the orc!
The orc wizard points at you and mumbles some strange words.
You resist with some effort.
Your blood is infused with primal strength.
Your transformation is almost over.
The orc throws a boomerang.
The boomerang hits you.
The orc throws a boomerang.
The boomerang completely misses you. The orc barely misses you.
You tentacle-slap the orc. You grab the orc.
Your tentacle spike disappears.
You constrict the orc. The orc misses you.
You tentacle-slap the orc but do no damage.
You squeeze the orc. You constrict the orc. The orc closely misses you.
You barely miss the orc. You squeeze the orc.
You feel a bit better.
You kill the orc!
The orc throws a boomerang.
The boomerang barely misses you. The orc wizard casts a spell at you.
The puff of flame hits you!
* * * LOW HITPOINT WARNING * * *
You have reached level 5!
You feel stronger.
The orc throws a boomerang.
The boomerang closely misses you.
You howl as the wereblood boils in your veins!
The orc wizard misses you.
You barely miss the orc wizard. You grab the orc wizard.
You tentacle-slap the orc wizard, but do no damage.
You constrict the orc wizard.
The orc wizard hits you with a +0 dagger.
* * * LOW HITPOINT WARNING * * *
You tentacle-slap the orc wizard but do no damage.
You constrict the orc wizard.
The orc wizard hits you with a +0 dagger.
* * * LOW HITPOINT WARNING * * *
You tentacle-slap the orc wizard. You constrict the orc wizard.
The orc wizard hits you with a +0 dagger.
* * * LOW HITPOINT WARNING * * *
You tentacle-slap the orc wizard.
Your primal bloodlust is almost over.
You constrict the orc wizard, but do no damage.
The orc wizard barely misses you.
You tentacle-slap the orc wizard. You constrict the orc wizard.
The orc wizard drinks a potion.
The orc wizard is healed!
You tentacle-slap the orc wizard but do no damage.
You squeeze the orc wizard! You constrict the orc wizard.
You barely miss the orc wizard.
You squeeze the orc wizard, but do no damage.
You constrict the orc wizard.
The orc wizard gestures at you while chanting.
The puff of flame hits you!
You die...

####.......# #.#
#....##.###.# ####.....#
..#.# .#.....#.###.#.#
.#†#...#...#...##
...#...#.....#..
..######.....#)# ##
#...####.....#.#####...#
###[..........oo@....#
#####...#....#######
...........###
.....)......##
#!...........#
#.....)......#
#........>...#
##..........##
##...##...##


You could see an orc wizard and an orc.

Vanquished Creatures
  Ijyb (D:3)
  An adder (D:3)
  A worm (D:2)
  A dart slug (D:3)
  4 orcs
  6 ball pythons
  3 bats
  9 endoplasms
  3 giant cockroaches (D:2)
  7 goblins
  5 hobgoblins (D:1)
  6 quokkas
  A frilled lizard (D:1)
  11 kobolds
  2 rats
61 creatures vanquished.

Notes
Turn   | Place    | Note
-------+----------+-------------------------------------------
     0 | D:1      | GeoRichter the Octopode Transmuter began the quest for the
                  | Orb.
     0 | D:1      | Reached XP level 1. HP: 13/13 MP: 3/3
     5 | D:1      | Found a faded altar of an unknown god.
   154 | D:1      | Reached XP level 2. HP: 7/18 MP: 3/5
   178 | D:1      | Learned a level 2 spell: Wereblood
  1037 | D:1      | Reached skill level 3 in Transmutations
  1038 | D:1      | Reached XP level 3. HP: 20/23 MP: 2/6
  1422 | D:1      | Learned a level 3 spell: Spider Form
  1631 | D:2      | You fall into a shaft and drop 1 floor!
  3008 | D:3      | Reached skill level 1 in Poison Magic
  3008 | D:3      | Reached XP level 4. HP: 20/28 MP: 7/7
  3228 | D:3      | Noticed Ijyb
  3241 | D:3      | Killed Ijyb
  3722 | D:4      | Reached skill level 4 in Transmutations
  3874 | D:4      | Reached XP level 5. HP: 14/33 MP: 9/9
  3882 | D:4      | Killed from afar by an orc wizard

Illustrated notes

Levels and vault maps discovered:
D:1:      saegor_arrival_miasma, layout_loops_ring, basic_ecumenical_altar,
          minmay_fountain_box, minmay_cut_off
D:2:      layout_basic
D:3:      layout_basic, uniq_ijyb
D:4:      layout_rooms

Skill      XL: |  1  2  3  4 |
---------------+-------------+-----
Transmutations | 3 4 |  4.0
Poison Magic   | 1 |  1.6
Fighting       | |  1.0
Dodging        | |  2.0
Unarmed Combat | |  3.0
Spellcasting   | |  2.8

Action                   |  1- 3 |  4- 6 || total
-------------------------+-------+-------++-------
Melee: Unarmed           |    77 |    54 ||   131
       Kick              |    29 |    10 ||    39
       Constrict         |    24 |    10 ||    34
       Tentacles         |    16 |    11 ||    27
       Punch             |       |     1 ||     1
 Cast: Beastly Appendage |    24 |    13 ||    37
       Wereblood         |     3 |     1 ||     4
 Stab: Sleeping          |     9 |     4 ||    13
Armor: Skin              |     3 |    22 ||    25
Dodge: Dodged            |    37 |    26 ||    63
